[Event "Titled Tuesday Blitz August 22 Early 2023"]
[White "Kovalevsky, Stanislav"]
[Black "Chen, Minda"]
[WhiteFideId "13508598"]
[BlackFideId "30937000"]
[WhiteElo "2520"]
[BlackElo "2030"]
[Result "1-0"]
[Round "1"]
[TimeControl "180+1"]
[Date "2023.08.22"]
[WhiteClock "0:00:11"]
[BlackClock "0:00:00"]
[Board "250"]

1. c4 Nf6 2. Nc3 e6 3. e4 d5 4. e5 d4 5. exf6 dxc3 6. dxc3 Qxf6 7. Nf3 h6 8. Be3 b6 9. Bd4 Qe7 10. Be2 Bb7 11. Qa4+ Nd7 12. O-O-O c5 13. Be5 f6 14. Bd6 Qd8 15. Ne5 Bxd6 16. Bh5+ Kf8 17. Nxd7+ Ke7 18. Rxd6 Kxd6 19. Rd1+ Ke7 20. Nxc5 1-0


[Site "https://www.chess.com"]

[Event "Titled Tuesday Blitz August 22 Early 2023"]
[White "Levine, David"]
[Black "Hajiyev, Kanan"]
[WhiteFideId "2011611"]
[BlackFideId "13404148"]
[WhiteElo "2014"]
[BlackElo "2519"]
[Result "1/2-1/2"]
[Round "1"]
[TimeControl "180+1"]
[Date "2023.08.22"]
[WhiteClock "0:00:08"]
[BlackClock "0:00:07"]
[Board "251"]

1. d4 Nf6 2. c4 e6 3. g3 Bb4+ 4. Bd2 a5 5. Bg2 O-O 6. Nf3 b6 7. Bxb4 axb4 8. Qb3 c5 9. O-O Bb7 10. Nbd2 Nc6 11. e3 Qc7 12. a3 Na5 13. Qc2 Rfc8 14. axb4 cxb4 15. Rac1 b5 16. b3 bxc4 17. bxc4 Ba6 18. Ne5 Rab8 19. Qa2 d6 20. Nc6 Nxc6 21. Qxa6 Ra8 22. Qxc6 Qxc6 23. Bxc6 Rxc6 24. Rb1 Rb6 25. Rb2 g5 26. Rfb1 Ra4 27. f3 h5 28. Kf2 Kg7 29. e4 g4 30. f4 Nd7 31. e5 Nb8 32. Ke3 Ra3+ 33. Rb3 Rxb3+ 34. Rxb3 dxe5 35. fxe5 Nc6 36. Ke4 f5+ 37. exf6+ Kxf6 38. d5 exd5+ 39. Kxd5 Na5 40. Rb2 Rb8 41. c5 Rd8+ 42. Ke4 b3 43. Ke3 Ke5 44. Rb1 Kd5 45. Nxb3 Nxb3 46. Rxb3 Kxc5 47. Ra3 Re8+ 48. Kf4 Rf8+ 49. Kg5 Rf2 50. Kxh5 Rxh2+ 51. Kxg4 Kd6 52. Rf3 Ke7 53. Kg5 Rh8 54. g4 Rg8+ 55. Kh4 Rh8+ 56. Kg3 Rg8 57. Rf5 Ke6 58. Kf4 Rh8 59. Rh5 Rxh5 60. gxh5 Kf6 61. h6 Kg6 62. h7 Kxh7 1/2-1/2


[Site "https://www.chess.com"]

[Event "Titled Tuesday Blitz August 22 Early 2023"]
[White "Glavina, Pablo"]
[Black "Vargas, Mauricio"]
[WhiteFideId "100234"]
[BlackFideId "4404572"]
[WhiteElo "2517"]
[BlackElo "1862"]
[Result "1-0"]
[Round "1"]
[TimeControl "180+1"]
[Date "2023.08.22"]
[WhiteClock "0:01:50"]
[BlackClock "0:01:31"]
[Board "252"]

1. c4 e5 2. Nc3 Nc6 3. Nf3 f5 4. g3 Nf6 5. d4 Bb4 6. dxe5 Bxc3+ 7. bxc3 Ng4 8. Bf4 h6 9. h3 g5 10. hxg4 gxf4 11. gxf5 fxg3 12. fxg3 Qe7 13. Qd5 b6 14. f6 Qf8 15. Rd1 Rh7 16. Bh3 Qf7 17. e6 dxe6 18. Qxc6+ Kf8 19. Rd8+ 1-0


[Site "https://www.chess.com"]

[Event "Titled Tuesday Blitz August 22 Early 2023"]
[White "cthake"]
[Black "Tikhonov, Viacheslav"]
[BlackFideId "44196407"]
[WhiteElo "1830"]
[BlackElo "2516"]
[Result "0-1"]
[Round "1"]
[TimeControl "180+1"]
[Date "2023.08.22"]
[WhiteClock "0:00:00"]
[BlackClock "0:00:41"]
[Board "253"]

1. c4 e5 2. Nc3 Bb4 3. d3 Nf6 4. Bg5 c6 5. a3 Bxc3+ 6. bxc3 h6 7. Bh4 d6 8. e4 Be6 9. Rb1 Qa5 10. Qb3 b5 11. Bxf6 gxf6 12. Qb4 Qxb4 13. cxb4 a6 14. Nf3 Nd7 15. Be2 Nb6 16. Nd2 Na4 17. O-O f5 18. exf5 Bxf5 19. Rb3 Kd7 20. Rd1 Be6 21. Ne4 f5 22. Nc3 Nb6 23. Rbb1 bxc4 24. dxc4 Bxc4 25. Bxc4 Nxc4 26. Kf1 Nxa3 27. Rb3 Nc4 28. Ke2 d5 29. Na4 Kc7 30. Nc5 a5 31. bxa5 Nxa5 32. Ra3 Nc4 33. Rc3 Ra2+ 34. Kf3 e4+ 35. Kf4 Rxf2+ 36. Kg3 e3 37. Ne6+ Kc8 38. Nf4 Rg8+ 39. Kh3 Rxf4 0-1


[Site "https://www.chess.com"]

[Event "Titled Tuesday Blitz August 22 Early 2023"]
[White "Karamsetty, Jeevan"]
[Black "Skiadopoulos, Nikolaos"]
[WhiteFideId "2025337"]
[BlackFideId "4200772"]
[WhiteElo "2515"]
[BlackElo "1814"]
[Result "1-0"]
[Round "1"]
[TimeControl "180+1"]
[Date "2023.08.22"]
[WhiteClock "0:00:46"]
[BlackClock "0:00:16"]
[Board "254"]

1. e4 c5 2. Nc3 Nc6 3. Bb5 Na5 4. Nf3 a6 5. Be2 b5 6. O-O e6 7. a3 Nc6 8. d4 cxd4 9. Nxd4 Nxd4 10. Qxd4 Ne7 11. Bg5 Qc7 12. Rad1 Nc6 13. Qe3 Be7 14. Bf4 d6 15. Qg3 O-O 16. Bxd6 Bxd6 17. Rxd6 b4 18. axb4 Nxb4 19. e5 Bb7 20. Rd4 a5 21. Rh4 Rfd8 22. Qg5 Qc5 23. Rg4 Qf8 24. h4 Rac8 25. h5 Kh8 26. h6 gxh6 27. Qf6+ 1-0


[Site "https://www.chess.com"]

[Event "Titled Tuesday Blitz August 22 Early 2023"]
[White "Nakamura, Hikaru"]
[Black "SmirnovAlexandrA"]
[WhiteFideId "2016192"]
[WhiteElo "3223"]
[BlackElo "2627"]
[Result "1-0"]
[Round "2"]
[TimeControl "180+1"]
[Date "2023.08.22"]
[WhiteClock "0:01:31"]
[BlackClock "0:00:00"]
[Board "1"]

1. Nf3 Nf6 2. b3 g6 3. d4 Bg7 4. Bb2 O-O 5. e3 d6 6. Be2 c5 7. O-O Nc6 8. c4 cxd4 9. Nxd4 Nxd4 10. Bxd4 a6 11. Bf3 Qc7 12. e4 Bd7 13. Nc3 Bc6 14. Nd5 Bxd5 15. exd5 Nd7 16. Bxg7 Kxg7 17. Re1 Rfe8 18. g3 a5 19. Rc1 b6 20. h4 h5 21. Bg2 Qc5 22. Qd2 Nf6 23. Re2 Qb4 24. Bh3 Qxd2 25. Rxd2 Ra7 26. Re1 Kf8 27. f3 Nd7 28. Kf2 Nc5 29. Bf1 Kg7 30. Re3 Kf6 31. Ke1 Na6 32. Kd1 a4 33. Kc2 axb3+ 34. axb3 Nc5 35. Kc3 Ra3 36. Kb4 Rea8 37. g4 R8a4+ 38. Kb5 Ra5+ 39. Kc6 Rxb3 40. g5+ Kg7 41. Rxe7 Na4 42. Kxd6 Rxf3 43. Bg2 Rf4 44. Kd7 Nc5+ 45. Kc6 Ra4 46. d6 Raxc4 47. Bd5 Rc3 48. Kb5 Na4 49. d7 Rc5+ 50. Ka6 Ra5+ 51. Kb7 Nc5+ 52. Kxb6 Nxd7+ 53. Kxa5 1-0


[Site "https://www.chess.com"]

[Event "Titled Tuesday Blitz August 22 Early 2023"]
[White "Vachier-Lagrave, Maxime"]
[Black "Amartuvshin, Ganzorig"]
[WhiteFideId "623539"]
[BlackFideId "4902548"]
[WhiteElo "3137"]
[BlackElo "2626"]
[Result "1-0"]
[Round "2"]
[TimeControl "180+1"]
[Date "2023.08.22"]
[WhiteClock "0:01:34"]
[BlackClock "0:00:12"]
[Board "2"]

1. Nf3 Nf6 2. c4 e6 3. g3 d5 4. Bg2 Be7 5. O-O O-O 6. d4 dxc4 7. Qc2 c6 8. Qxc4 b5 9. Qb3 Bb7 10. Rd1 a6 11. Nc3 Nbd7 12. Ne5 Qc7 13. Bf4 Bd6 14. Nxd7 Nxd7 15. Bxd6 Qxd6 16. Ne4 Qe7 17. Rac1 Rfd8 18. Nc5 Nxc5 19. Rxc5 Rd6 20. e3 Rad8 21. Rdc1 Qc7 22. h4 h6 23. Qc2 Rc8 24. Qe4 Qd7 25. Qf4 Qe7 26. g4 f6 27. g5 fxg5 28. hxg5 h5 29. g6 Rf8 30. Qh2 h4 31. Rh5 Qf6 32. Rxh4 Qxg6 33. Rh8+ Kf7 34. Rxf8+ Ke7 35. Rb8 1-0


[Site "https://www.chess.com"]

[Event "Titled Tuesday Blitz August 22 Early 2023"]
[White "Gimenez Aguirre, Alejo Ismael"]
[Black "Nihal Sarin"]
[WhiteFideId "32041667"]
[BlackFideId "25092340"]
[WhiteElo "2626"]
[BlackElo "3127"]
[Result "0-1"]
[Round "2"]
[TimeControl "180+1"]
[Date "2023.08.22"]
[WhiteClock "0:01:58"]
[BlackClock "0:02:47"]
[Board "3"]

1. e4 a6 2. d4 c6 3. c3 d5 4. Bd3 dxe4 5. Bxe4 Nf6 6. Bc2 Bg4 7. Nf3 Nbd7 8. h3 Bh5 9. Nbd2 e6 10. Ne4 Nxe4 11. Bxe4 Nf6 12. Bd3 Be7 13. Qe2 O-O 14. g4 Bg6 15. Bxg6 hxg6 16. h4 Qd5 17. g5 Nh5 18. Be3 c5 19. a3 cxd4 20. Nxd4 Qxh1+ 0-1


[Site "https://www.chess.com"]

[Event "Titled Tuesday Blitz August 22 Early 2023"]
[White "So, Wesley"]
[Black "Turayev, Shahruh"]
[WhiteFideId "5202213"]
[BlackFideId "14003856"]
[WhiteElo "3110"]
[BlackElo "2626"]
[Result "1-0"]
[Round "2"]
[TimeControl "180+1"]
[Date "2023.08.22"]
[WhiteClock "0:01:01"]
[BlackClock "0:00:04"]
[Board "4"]

1. d4 d5 2. c4 dxc4 3. Nf3 Nf6 4. e3 Bg4 5. Bxc4 e6 6. h3 Bh5 7. Nc3 a6 8. g4 Bg6 9. Ne5 Nbd7 10. Nxg6 hxg6 11. g5 Nh5 12. h4 Bd6 13. Bd2 Qe7 14. Qf3 O-O 15. O-O-O c5 16. Kb1 b5 17. Be2 cxd4 18. exd4 Nb6 19. Qc6 Qc7 20. Bf3 Qxc6 21. Bxc6 Rab8 22. d5 exd5 23. Be3 Bf4 24. Bxb6 Rxb6 25. Bxd5 b4 26. Ne4 Be5 27. Bc4 Nf4 28. Rd7 Rc6 29. Rc1 Rc7 30. Rxc7 Bxc7 31. Bxa6 Bb6 32. Rc6 Bd4 33. Rc4 Ba7 34. Rxb4 Ng2 35. Rb7 Bd4 36. Bc4 Nxh4 37. Nd6 Nf3 38. Bxf7+ Kh7 39. Ne4 Rd8 40. a4 Bxf2 41. Nxf2 Rd1+ 42. Nxd1 1-0


[Site "https://www.chess.com"]

[Event "Titled Tuesday Blitz August 22 Early 2023"]
[White "Iskusnyh, Sergei"]
[Black "Firouzja, Alireza"]
[WhiteFideId "4120027"]
[BlackFideId "12573981"]
[WhiteElo "2624"]
[BlackElo "3106"]
[Result "0-1"]
[Round "2"]
[TimeControl "180+1"]
[Date "2023.08.22"]
[WhiteClock "0:00:04"]
[BlackClock "0:02:03"]
[Board "5"]

1. d4 Nf6 2. c4 e6 3. g3 Bb4+ 4. Bd2 c5 5. Bg2 O-O 6. Nf3 b6 7. O-O Bb7 8. Bxb4 cxb4 9. a3 Qe7 10. Qd2 Na6 11. Ne1 Bxg2 12. Kxg2 d5 13. Qd3 dxc4 14. Qxc4 Qb7+ 15. Nf3 Rac8 16. Qb3 Nd5 17. Nbd2 bxa3 18. Qxa3 Ndb4 19. Qb3 Nc2 20. Ra4 b5 21. e3 Rc7 22. Ra5 Nab4 23. Kg1 Rfc8 24. Ne5 a6 25. Nd3 Nxd3 26. Qxd3 Nb4 27. Nb3 Nxd3 0-1


[Site "https://www.chess.com"]

[Event "Titled Tuesday Blitz August 22 Early 2023"]
[White "Erigaisi Arjun"]
[Black "Bodnaruk, Anastasia"]
[WhiteFideId "35009192"]
[BlackFideId "4181751"]
[WhiteElo "3056"]
[BlackElo "2621"]
[Result "1-0"]
[Round "2"]
[TimeControl "180+1"]
[Date "2023.08.22"]
[WhiteClock "0:00:30"]
[BlackClock "0:00:00"]
[Board "6"]

1. b3 e5 2. Bb2 d6 3. c4 Nc6 4. e3 g6 5. a3 Bg7 6. Nf3 Nf6 7. d4 e4 8. Nfd2 O-O 9. Nc3 Re8 10. Be2 h5 11. h3 h4 12. b4 Bf5 13. Nb3 g5 14. g4 hxg3 15. fxg3 Bg6 16. Qd2 d5 17. O-O-O a5 18. b5 a4 19. bxc6 axb3 20. cxb7 Rb8 21. h4 g4 22. h5 Bh7 23. h6 Bh8 24. Rdf1 Rxb7 25. cxd5 Nxd5 26. Bxg4 Nxc3 27. Qxc3 c5 28. Kb1 cxd4 29. exd4 e3+ 30. Bf5 Bxf5+ 31. Rxf5 e2 32. h7+ Kf8 33. a4 Qd6 34. Bc1 Rc7 35. Qd2 Re4 36. Re5 Rxe5 37. dxe5 Qg6+ 38. Ka1 Bxe5+ 39. Bb2 Bxb2+ 40. Qxb2 Rc2 41. h8=Q+ Ke7 42. Qhe5+ Kd7 43. Qbd4+ 1-0


[Site "https://www.chess.com"]

[Event "Titled Tuesday Blitz August 22 Early 2023"]
[White "Maltsevskaya, Aleksandra"]
[Black "Bortnyk, Olexandr"]
[WhiteFideId "24174041"]
[BlackFideId "14120828"]
[WhiteElo "2620"]
[BlackElo "3053"]
[Result "0-1"]
[Round "2"]
[TimeControl "180+1"]
[Date "2023.08.22"]
[WhiteClock "0:00:58"]
[BlackClock "0:02:19"]
[Board "7"]

1. e4 Nf6 2. e5 Nd5 3. c4 Nb6 4. d4 d6 5. f4 dxe5 6. fxe5 Bf5 7. Nf3 e6 8. Be3 Bb4+ 9. Nc3 c5 10. dxc5 Qxd1+ 11. Rxd1 Na4 12. Kf2 Nxb2 13. Rc1 Bxc3 14. g4 Bxg4 15. Bg2 Nd3+ 16. Kg3 Bxf3 17. Bxf3 Bxe5+ 18. Kg2 Nc6 19. Rb1 O-O-O 0-1


[Site "https://www.chess.com"]

[Event "Titled Tuesday Blitz August 22 Early 2023"]
[White "Altman, Joshua"]
[Black "Dubov, Daniil"]
[WhiteFideId "426210"]
[BlackFideId "24126055"]
[WhiteElo "2619"]
[BlackElo "3038"]
[Result "0-1"]
[Round "2"]
[TimeControl "180+1"]
[Date "2023.08.22"]
[WhiteClock "0:00:41"]
[BlackClock "0:00:27"]
[Board "8"]

1. d4 Nf6 2. c4 e6 3. Nf3 d5 4. Nc3 Bb4 5. cxd5 exd5 6. Bg5 h6 7. Bh4 O-O 8. e3 Bf5 9. Bd3 Bxd3 10. Qxd3 Nbd7 11. O-O c6 12. a3 Be7 13. h3 Re8 14. b4 a6 15. Rab1 Nb6 16. Ne5 Nfd7 17. Bxe7 Rxe7 18. f4 Nc4 19. Nxc4 dxc4 20. Qd2 Nf6 21. Rbe1 Ne4 22. Qc2 Nxc3 23. Qxc3 Qd5 24. e4 Rxe4 25. Rxe4 Qxe4 26. Qxc4 Rd8 27. f5 Rxd4 28. Qc5 Rd2 29. Rf2 Qe1+ 30. Rf1 Qg3 31. Rf2 Rd1+ 32. Rf1 Rxf1+ 33. Kxf1 Qxa3 34. Qe5 Qxb4 35. Qe8+ Qf8 36. Qd7 Qa8 37. f6 a5 38. h4 a4 39. fxg7 a3 40. Qd1 a2 41. Qa1 Qa3 42. Kg1 Qb3 43. Kh2 Qb1 44. Qf6 a1=Q 45. Qd8+ Kxg7 0-1


[Site "https://www.chess.com"]

[Event "Titled Tuesday Blitz August 22 Early 2023"]
[White "Grischuk, Alexander"]
[Black "CrazyAdvenTures"]
[WhiteFideId "4126025"]
[WhiteElo "3038"]
[BlackElo "2617"]
[Result "1-0"]
[Round "2"]
[TimeControl "180+1"]
[Date "2023.08.22"]
[WhiteClock "0:01:38"]
[BlackClock "0:00:07"]
[Board "9"]

1. Nf3 d6 2. d4 Nf6 3. g3 g6 4. Bg2 Bg7 5. c4 O-O 6. Nc3 Nc6 7. Bf4 Nh5 8. Be3 e5 9. dxe5 Nxe5 10. Nxe5 Bxe5 11. Qd2 Be6 12. b3 c6 13. O-O Qe7 14. Rac1 f5 15. f4 Bg7 16. Rfd1 Rfd8 17. Bd4 Nf6 18. Bf3 d5 19. Bxf6 Bxf6 20. cxd5 Bxc3 21. Rxc3 Bxd5 22. Rd3 Qc5+ 23. Kf1 Qe7 24. Bxd5+ cxd5 25. Rxd5 Re8 26. Rd7 Qe4 27. Qd5+ Qxd5 28. R1xd5 Rac8 29. Rd2 Rc1+ 30. Kf2 Rh1 31. h4 Rh2+ 32. Kf3 1-0


[Site "https://www.chess.com"]

[Event "Titled Tuesday Blitz August 22 Early 2023"]
[White "Kvaloy, Aksel Bu"]
[Black "Martinez Alcantara, Jose Eduardo"]
[WhiteFideId "1528815"]
[BlackFideId "3805662"]
[WhiteElo "2613"]
[BlackElo "3033"]
[Result "0-1"]
[Round "2"]
[TimeControl "180+1"]
[Date "2023.08.22"]
[WhiteClock "0:00:56"]
[BlackClock "0:00:50"]
[Board "10"]

1. e4 c5 2. Nf3 d6 3. d4 cxd4 4. Nxd4 Nf6 5. Nc3 Nc6 6. Bg5 e6 7. Qd3 a6 8. Nxc6 bxc6 9. O-O-O Qa5 10. f4 h6 11. Bh4 Be7 12. Be2 Rb8 13. e5 dxe5 14. fxe5 Nd5 15. Bxe7 Kxe7 16. Ne4 Qxa2 17. b3 Qa1+ 18. Kd2 Qxe5 19. Rhf1 f5 20. Nc5 Nf4 21. Qe3 Rd8+ 22. Bd3 Qxe3+ 23. Kxe3 Nxg2+ 24. Kf3 Nh4+ 25. Kg3 g5 26. Bc4 f4+ 27. Kf2 Rxd1 28. Rxd1 Nf5 29. Ra1 Ne3 30. Bxa6 Nxc2 31. Rc1 Nd4 32. Bxc8 Rxc8 33. Rc4 e5 34. Ne4 Ra8 0-1


[Site "https://www.chess.com"]

[Event "Titled Tuesday Blitz August 22 Early 2023"]
[White "Bluebaum, Matthias"]
[Black "Saif, Malek"]
[WhiteFideId "24651516"]
[BlackFideId "8104220"]
[WhiteElo "3023"]
[BlackElo "2611"]
[Result "1-0"]
[Round "2"]
[TimeControl "180+1"]
[Date "2023.08.22"]
[WhiteClock "0:00:45"]
[BlackClock "0:00:03"]
[Board "11"]

1. d4 d6 2. Nf3 Nf6 3. c4 g6 4. Nc3 Nbd7 5. e4 e5 6. Be2 Bg7 7. Be3 c6 8. O-O Qc7 9. Qc2 Ng4 10. Rad1 Nxe3 11. fxe3 O-O 12. Kh1 Nf6 13. c5 dxc5 14. Nxe5 Bh6 15. Rxf6 Bxe3 16. Bc4 cxd4 17. Rxf7 Rxf7 18. Nxf7 b5 19. Bb3 Kg7 20. Nxb5 Qf4 21. Qxc6 Rb8 22. Qe8 Bg4 23. Nd8 Rxd8 24. Qe7+ Kh6 25. Ra1 Rf8 26. Qh4+ Kg7 27. h3 Bd7 28. Qe7+ Kh6 29. Qxd7 Qf1+ 30. Rxf1 Rxf1+ 31. Kh2 Bf4+ 32. g3 Rf2+ 33. Kh1 Be3 34. Bc4 Rc2 35. Qf7 Rc1+ 36. Kg2 Rc2+ 37. Kf3 Rf2+ 38. Kg4 Rxf7 39. Bxf7 d3 40. Bc4 d2 41. Be2 Kg7 42. Nd6 Kf6 43. Nc4 Bh6 44. e5+ Ke6 45. Kf3 Kd5 46. b3 a6 47. Bd1 Kd4 48. e6 Bf8 49. Nxd2 Kd3 50. Ne4 Be7 51. Be2+ Kc2 52. Bxa6 Kb2 53. Bc4 Kxa2 54. Nc3+ Ka3 55. Nd5 Bd6 56. e7 Bxe7 57. Nxe7 1-0


[Site "https://www.chess.com"]

[Event "Titled Tuesday Blitz August 22 Early 2023"]
[White "Kuzhilniy, Oleksandr"]
[Black "Sadhwani, Raunak"]
[WhiteFideId "34110500"]
[BlackFideId "35093487"]
[WhiteElo "2610"]
[BlackElo "3022"]
[Result "0-1"]
[Round "2"]
[TimeControl "180+1"]
[Date "2023.08.22"]
[WhiteClock "0:00:03"]
[BlackClock "0:00:16"]
[Board "12"]

1. b3 g6 2. Bb2 Nf6 3. Nf3 Bg7 4. g3 O-O 5. Bg2 d6 6. d4 b5 7. O-O Bb7 8. Nbd2 Nbd7 9. c4 bxc4 10. Nxc4 a5 11. Qe1 c5 12. dxc5 Nxc5 13. Rc1 Bd5 14. Bc3 Bxc4 15. bxc4 e5 16. Rb1 Qc7 17. Nd2 Ra6 18. Rb5 a4 19. Qb1 Nfd7 20. Rd1 h6 21. Nf1 Nf6 22. Ne3 Kh7 23. Bb4 e4 24. Bxc5 dxc5 25. Bxe4 Re6 26. Nd5 Nxd5 27. Rxd5 Qe7 28. Bd3 Bd4 29. Rb7 Qf6 30. e3 Bc3 31. h4 Kg7 32. h5 g5 33. Rf5 Qd8 34. Be4 Re7 35. Bd5 Rxb7 36. Qxb7 Bf6 37. Qc6 a3 38. Qxc5 Qe7 39. Qxe7 Bxe7 40. e4 f6 41. Rf3 Rb8 42. c5 Bxc5 43. Rc3 Bd6 44. Bb3 Be5 45. Rd3 Rc8 46. Rd7+ Kh8 47. Kg2 Rc3 48. Kh3 Rxb3 49. axb3 a2 50. Ra7 a1=Q 51. Rxa1 Bxa1 52. Kg4 Kg7 53. Kf5 Kf7 54. f4 Bd4 55. b4 Bf2 56. fxg5 hxg5 57. g4 Bg3 58. b5 Bc7 59. b6 Bxb6 60. e5 Bd8 61. exf6 Bxf6 62. h6 Bd8 63. Ke5 Kg6 64. Ke6 Kxh6 65. Kf5 Ba5 66. Ke4 Bd2 67. Kf5 Bf4 0-1


[Site "https://www.chess.com"]

[Event "Titled Tuesday Blitz August 22 Early 2023"]
[White "Le, Tuan Minh"]
[Black "Arat, Ufuk Sezen"]
[WhiteFideId "12401153"]
[BlackFideId "6309089"]
[WhiteElo "3008"]
[BlackElo "2609"]
[Result "1-0"]
[Round "2"]
[TimeControl "180+1"]
[Date "2023.08.22"]
[WhiteClock "0:00:18"]
[BlackClock "0:00:09"]
[Board "13"]

1. d4 Nf6 2. Nf3 e6 3. Bf4 b6 4. e3 Bb7 5. c4 Be7 6. Nc3 O-O 7. Rc1 c5 8. d5 exd5 9. cxd5 d6 10. a4 Na6 11. Bc4 Nb4 12. O-O Re8 13. e4 Bf8 14. Re1 a6 15. h3 Nd7 16. Qd2 f6 17. Bf1 Ne5 18. Nxe5 fxe5 19. Be3 Be7 20. Nb1 Rf8 21. Na3 Bc8 22. b3 Bd7 23. Ra1 Rb8 24. Nc4 b5 25. axb5 axb5 26. Nb2 Qe8 27. Nd3 Nxd3 28. Qxd3 Qg6 29. Ra7 Rbd8 30. Kh2 Bg5 31. Rea1 Bxe3 32. Qxe3 Qf6 33. f3 Rf7 34. Kg1 h6 35. R1a6 Be8 36. Qd2 Rxa7 37. Rxa7 Rc8 38. Qa5 Qf4 39. Qa6 Qe3+ 40. Kh1 Rd8 41. Qb6 Qg5 42. Ra1 Qe7 43. Bxb5 Bxb5 44. Qxb5 Rc8 45. Qb6 Qc7 46. Qxc7 Rxc7 47. Ra6 Rd7 48. Rb6 Kf7 49. b4 cxb4 50. Rxb4 Ke7 51. Kh2 g5 52. h4 h5 53. hxg5 Kf7 54. Kh3 Kg6 55. Kh4 Rf7 56. Rb6 Rd7 57. g3 Rd8 58. f4 exf4 59. gxf4 1-0


[Site "https://www.chess.com"]

[Event "Titled Tuesday Blitz August 22 Early 2023"]
[White "Sadykov, Ramil"]
[Black "Andreikin, Dmitry"]
[WhiteFideId "24113590"]
[BlackFideId "4158814"]
[WhiteElo "2609"]
[BlackElo "3004"]
[Result "1/2-1/2"]
[Round "2"]
[TimeControl "180+1"]
[Date "2023.08.22"]
[WhiteClock "0:00:18"]
[BlackClock "0:00:35"]
[Board "14"]

1. e4 c5 2. Nf3 e6 3. c4 Nc6 4. Nc3 e5 5. d3 d6 6. Be2 g6 7. O-O Bg7 8. Ne1 Nge7 9. Bg5 O-O 10. Nc2 h6 11. Bxe7 Qxe7 12. Nd5 Qg5 13. Qc1 Qh4 14. Qe3 f5 15. Qg3 Qxg3 16. hxg3 Bd7 17. Rab1 b6 18. b4 h5 19. exf5 Bxf5 20. Nde3 Be6 21. Bf3 Rac8 22. Bd5 Nd8 23. Bxe6+ Nxe6 24. Nd5 Kf7 25. bxc5 Nxc5 26. Rfd1 e4 27. dxe4 Nxe4 28. Nce3 Rfe8 29. Rd3 Bh6 30. Ra3 Bxe3 31. Rxa7+ Kf8 32. Nxe3 Nxg3 33. Rxb6 Ne4 34. Rbb7 Ng5 35. f4 Rxe3 36. fxg5 Rxc4 37. Rf7+ Kg8 38. Rg7+ Kh8 39. Rh7+ Kg8 40. Rhg7+ Kh8 41. Rh7+ Kg8 42. Rhg7+ 1/2-1/2


[Site "https://www.chess.com"]

[Event "Titled Tuesday Blitz August 22 Early 2023"]
[White "Van Foreest, Jorden"]
[Black "Horobetz, Graham"]
[WhiteFideId "1039784"]
[BlackFideId "2047322"]
[WhiteElo "3002"]
[BlackElo "2607"]
[Result "1-0"]
[Round "2"]
[TimeControl "180+1"]
[Date "2023.08.22"]
[WhiteClock "0:02:47"]
[BlackClock "0:02:34"]
[Board "15"]

1. Nf3 c5 2. b3 Nf6 3. Bb2 g6 4. e3 Bg7 5. d4 cxd4 6. Nxd4 O-O 7. Be2 Nc6 8. O-O Re8 9. c4 d6 10. Nc3 Nxd4 11. Qxd4 Bf5 12. Qd2 Ne4 13. Nxe4 Bxe4 14. Bxg7 Kxg7 15. Qd4+ 1-0


[Site "https://www.chess.com"]

[Event "Titled Tuesday Blitz August 22 Early 2023"]
[White "Feng, Eric"]
[Black "Tabatabaei, M. Amin"]
[WhiteFideId "30952590"]
[BlackFideId "12521213"]
[WhiteElo "2607"]
[BlackElo "2996"]
[Result "0-1"]
[Round "2"]
[TimeControl "180+1"]
[Date "2023.08.22"]
[WhiteClock "0:00:29"]
[BlackClock "0:00:25"]
[Board "16"]

1. d4 Nf6 2. c4 e6 3. Nf3 d5 4. g3 Nbd7 5. Nbd2 Be7 6. Bg2 O-O 7. O-O c6 8. Qc2 b6 9. e4 dxc4 10. Nxc4 Ba6 11. Rd1 Rc8 12. b3 h6 13. Bf4 Nh5 14. Be3 Nhf6 15. Bf4 Bb7 16. Nfe5 Nh5 17. Be3 Nhf6 18. Bf4 Re8 19. Rac1 Nh5 20. Be3 Nhf6 21. Bf4 b5 22. Ne3 Qb6 23. Qb2 Nxe5 24. Bxe5 Nd7 25. Nc2 Nxe5 26. dxe5 c5 27. Ne3 Red8 28. Rd2 Rxd2 29. Qxd2 Rd8 30. Qc2 a6 31. Rd1 Rxd1+ 32. Qxd1 Qd8 33. Qxd8+ Bxd8 34. f4 Kf8 35. Kf2 Ke7 36. Ke2 Kd7 37. Kd3 Bb6 38. f5 Bc7 39. Ng4 h5 40. f6 g6 41. Nh6 Ke8 42. g4 h4 43. g5 Bxe5 44. Ng4 Bf4 45. h3 Bxg5 46. Bf1 Bf4 47. Kc3 Bc6 48. e5 Bf3 49. a4 Bxg4 50. hxg4 Bxe5+ 51. Kd2 Bxf6 52. axb5 axb5 53. Bxb5+ Ke7 54. Ke3 Be5 55. Kf3 f5 0-1


[Site "https://www.chess.com"]

[Event "Titled Tuesday Blitz August 22 Early 2023"]
[White "Xiong, Jeffery"]
[Black "Boarish_Male"]
[WhiteFideId "2047640"]
[WhiteElo "2992"]
[BlackElo "2605"]
[Result "1-0"]
[Round "2"]
[TimeControl "180+1"]
[Date "2023.08.22"]
[WhiteClock "0:00:07"]
[BlackClock "0:00:00"]
[Board "17"]

1. e4 c5 2. Nf3 e6 3. c3 d5 4. e5 d4 5. d3 Nc6 6. g3 Nge7 7. Bg2 Nf5 8. O-O Be7 9. Qe2 h5 10. h4 Bd7 11. Nbd2 Qc7 12. Ne4 dxc3 13. bxc3 O-O-O 14. Bf4 Nh6 15. Rfb1 Ng4 16. Ned2 Na5 17. a4 Bc6 18. d4 Bd5 19. Ne4 c4 20. Nfd2 Qc6 21. Bf1 f5 22. Nd6+ Bxd6 23. exd6 a6 24. Rb4 Nf6 25. Re1 Ne4 26. Nxe4 Bxe4 27. Qe3 Bd5 28. Qe5 Rd7 29. Be2 Rh7 30. Reb1 Nb3 31. Qe3 g6 32. Be5 b5 33. axb5 axb5 34. Qg5 Kb7 35. Qxg6 Be4 36. Rd1 Bh1 37. Bf1 Bf3 38. Rb1 Be4 39. R1xb3 cxb3 40. Bxb5 Qxc3 41. Bxd7+ Qxb4 42. Bc8+ 1-0


[Site "https://www.chess.com"]

[Event "Titled Tuesday Blitz August 22 Early 2023"]
[White "Vlassov, Nikolai"]
[Black "Drygalov, Sergey"]
[WhiteFideId "4103360"]
[BlackFideId "24171743"]
[WhiteElo "2605"]
[BlackElo "2977"]
[Result "1-0"]
[Round "2"]
[TimeControl "180+1"]
[Date "2023.08.22"]
[WhiteClock "0:00:27"]
[BlackClock "0:00:01"]
[Board "18"]

1. e4 c5 2. c3 Nf6 3. e5 Nd5 4. d4 cxd4 5. cxd4 e6 6. Nc3 Nxc3 7. bxc3 Qc7 8. Bd2 d6 9. f4 b6 10. Nf3 Bb7 11. Bd3 Nd7 12. O-O Be7 13. f5 O-O-O 14. fxe6 fxe6 15. Ng5 dxe5 16. Nxe6 Qc6 17. Qg4 h5 18. Qh3 g5 19. Nxd8 Rxd8 20. Rf2 Bf6 21. dxe5 Bxe5 22. Re1 Bd6 23. Be4 Qc4 24. Bxb7+ Kxb7 25. Qxh5 Ne5 26. Qe2 Nd3 27. Bxg5 Bc5 28. Be3 Re8 29. Rf3 Nxe1 30. Qxc4 Nxf3+ 31. gxf3 Rxe3 32. Kg2 Re7 33. h4 Kc6 34. h5 Kd6 35. h6 Ke5 36. Qg4 Kf6 37. Qg8 Rf7 38. f4 Bf8 39. Qg5+ Ke6 40. Kf3 Kd7 41. Qd5+ Ke7 42. Qe5+ Kd7 43. h7 Bg7 44. Qxg7 1-0


[Site "https://www.chess.com"]

[Event "Titled Tuesday Blitz August 22 Early 2023"]
[White "Svane, Rasmus"]
[Black "Principe, Alexander"]
[WhiteFideId "4657101"]
[BlackFideId "3804542"]
[WhiteElo "2976"]
[BlackElo "2604"]
[Result "1-0"]
[Round "2"]
[TimeControl "180+1"]
[Date "2023.08.22"]
[WhiteClock "0:00:17"]
[BlackClock "0:00:00"]
[Board "19"]

1. Nf3 Nf6 2. g3 g6 3. Bg2 Bg7 4. O-O O-O 5. d4 d6 6. Re1 c6 7. e4 Bg4 8. Nc3 e5 9. dxe5 Bxf3 10. Qxf3 dxe5 11. Be3 Nbd7 12. Red1 Qc7 13. a4 Rfe8 14. Nb1 Nf8 15. Nd2 Rad8 16. a5 b6 17. axb6 axb6 18. Ra6 c5 19. Rda1 Ne6 20. c3 b5 21. Qe2 c4 22. Ra7 Qb8 23. Bh3 Bf8 24. R7a6 Rd6 25. Qf3 Nd7 26. b3 Rd3 27. Bxe6 fxe6 28. bxc4 bxc4 29. Qe2 Rxc3 30. Rc6 Qb5 31. Rxc4 Rc8 32. Rxc3 Qxe2 33. Rxc8 h5 34. Ra7 Qd3 35. Bh6 h4 36. gxh4 Kf7 37. Rxf8+ Ke7 38. Rg8 Qh3 39. Rxg6 Qxh4 40. Bg5+ 1-0


[Site "https://www.chess.com"]